 Dungeon Crawl Stone Soup version 0.28.0-45-g0d030f2227 (webtiles) character file.

Game seed: 6566616071574779873

8236 Zeld the Destroyer (level 11, 0/86 HPs)
             Began as a White Draconian Conjurer on Apr 10, 2022.
             Was a Priest of Vehumet.
             Succumbed to a gnoll sergeant's poison
             ... on level 8 of the Dungeon.
             The game lasted 00:22:57 (18067 turns).

Zeld the Destroyer (White Draconian Conjurer)      Turns: 18067, Time: 00:22:58

Health: 0/86       AC:  7    Str: 10      XL:     11   Next: 7%
Magic:  20/20      EV: 12    Int: 22 (23) God:    Vehumet [***...]
Gold:   136        SH:  0    Dex:  9      Spells: 12/23 levels left

rFire   x . .      SeeInvis .   a - +3 scimitar (flame)
rCold   + + .      Faith    .   w - orb {*channel}
rNeg    . . .      Spirit   .   (armour unavailable)
rPois   .          Reflect  .   (helmet restricted)
rElec   .          Harm     .   f - scarf {repulsion}
rCorr   .          Rampage  .   (no gloves)
Will    +....                   (no boots)
Stlth   ++........              (no amulet)
HPRegen 0.24/turn               y - ring of ice
MPRegen 0.17/turn               t - ring of willpower

@: lethally poisoned (0 -> -5), repel missiles
A: breathe frost, AC +7, unfitting armour, cold resistance 1, cold-blooded
a: Breathe Frost, Renounce Religion


You were on level 8 of the Dungeon.
You worshipped Vehumet.
Vehumet was most pleased with you.
You visited 2 branches of the dungeon, and saw 10 of its levels.
You also visited: Sewer.

You collected 418 gold pieces.
You spent 282 gold pieces at shops.

Inventory:

Hand Weapons
 a - a +3 scimitar of flaming (weapon)
Armour
 f - a scarf of repulsion (worn)
 w - an orb of energy (worn)
Jewellery
 t - a ring of willpower (right hand)
 y - a ring of ice (left hand)
Wands
 m - a wand of flame (18)
 p - a wand of paralysis (15)
 s - a wand of mindburst (4) (quivered)
 x - a wand of polymorph (15)
Scrolls
 d - a scroll of magic mapping
 h - 3 scrolls of blinking
 i - 5 scrolls of teleportation
 v - a scroll of fear
Potions
 b - 2 potions of ambrosia
 e - 2 potions of haste
 k - a potion of mutation {unknown}
 l - 4 potions of lignification {unknown}
 n - a potion of flight {unknown}
 o - 2 potions of brilliance {unknown}
 q - a potion of cancellation {unknown}
 r - a potion of might {unknown}
 u - a potion of degeneration {unknown}
 z - a potion of berserk rage
 A - a potion of magic {unknown}


   Skills:
 - Level 5.0 Fighting
 + Level 1.4 Long Blades
 - Level 2.0 Dodging
 - Level 2.0 Stealth
 + Level 6.6 Spellcasting
 * Level 10.8 Conjurations
 - Level 2.0 Hexes
 - Level 2.0 Translocations
 * Level 9.9 Ice Magic
 + Level 6.2 Evocations


You had 12 spell levels left.
You knew the following spells:

 Your Spells              Type           Power      Damage    Failure   Level
a - Magic Dart            Conj           100%       1d8       1%          1
b - Searing Ray           Conj           100%       2d8       1%          2
c - Fulminant Prism       Conj/Hex       17%        3d11      1%          4
d - Iskenderun's Mystic   Conj/Tloc      35%        2d8       1%          4

Your spell library contained the following spells:

 Spells                   Type           Power      Damage    Failure   Level
 Static Discharge         Conj/Air       31%        N/A       1%          2
 Freeze                   Ice            100%       1d11      1%          1
 Dazzling Flash           Conj/Hex       70%        N/A       1%          3
 Frozen Ramparts          Ice            100%       1d12      1%          3
 Hailstorm                Conj/Ice       68%        3d14      1%          4
 Apportation              Tloc           32%        N/A       3%          1
 Blink                    Tloc           32%        N/A       6%          2
 Irradiate                Conj/Tmut      15%        3d18      7%          5
 Beastly Appendage        Tmut           14%        N/A       9%          1
 Lesser Beckoning         Tloc           16%        N/A       12%         3
 Wereblood                Tmut           7%         N/A       13%         2
 Spider Form              Tmut/Pois      7%         N/A       26%         3
 Starburst                Conj/Fire      15%        6d6       32%         6
 Manifold Assault         Tloc           16%        N/A       71%         5
 Alistair's Intoxication  Tmut/Pois      4%         N/A       94%         5
 Blade Hands              Tmut           3%         N/A       94%         5
 Dragon Form              Tmut           3%         N/A       100%        7


Dungeon Overview and Level Annotations

Branches:
Dungeon (9/15)             Temple (1/1) D:4           Sewer (visited)
   Lair: D:8-11         Orc: D:9-12

Altars:
Ashenzari
Cheibriados
Dithmenos
Elyvilon
Fedhas
Gozag
Hepliaklqana
Kikubaaqudgha
Makhleb
Nemelex Xobeh
Okawaru
Qazlal
Ru
Sif Muna
Trog
Uskayaw
Vehumet
Wu Jian
Xom
Yredelemnul
Zin
The Shining One

Shops:
D:3 :   D:5 [:   D:6 *   D:7 ?   D:8 =   D:9 [


Innate Abilities, Weirdness & Mutations

You can breathe waves of freezing cold which knock back foes.
Your icy white scales are hard. (AC +7)
You cannot fit into any form of body armour.
Your flesh is cold resistant. (rC+)
You are cold-blooded and may be slowed by cold attacks.


Message History

The gnoll sergeant hits you from afar with a +0 trident of venom!
* * * LOW HITPOINT WARNING * * *
You are lethally poisoned!
Unknown command.
Okay, then.
You feel much better.
You feel very sick. The gnoll sergeant misses you.
The gnoll closely misses you.
Aiming: Mindburst
Press: ? - help, Shift-Dir - straight line, f/p - gnoll sergeant
Aim: a gnoll sergeant, wielding a +0 trident of venom and wearing a +0 scale mail (almost dead, chance to affect: 84%)
The gnoll sergeant barely resists.
You feel very sick.
The gnoll sergeant hits you from afar with a +0 trident of venom.
You are more poisoned.
The gnoll hits you from afar with a +0 halberd!
* * * LOW HITPOINT WARNING * * *
Unknown command.
* * * LOW HITPOINT WARNING * * *
You feel very sick.
* * * LOW HITPOINT WARNING * * *
You feel very sick.
* * * LOW HITPOINT WARNING * * *
You feel very sick.
Okay, then.
Blink to where?
Press: ? - help, Dir - move target, p - gnoll sergeant
As you read the scroll of blinking, it crumbles to dust.
* * * LOW HITPOINT WARNING * * *
You feel very sick.
Okay, then.
* * * LOW HITPOINT WARNING * * *
You feel very sick.
A jackal comes into view.
The jackal moves out of view.
There is a stone staircase leading up here.
* * * LOW HITPOINT WARNING * * *
You feel sick.
You climb upwards.
You die...

#.###...##.# #.[.#.#...........
#.##.#.#.#.# #.......###..#...#
#.##.....#.###.#.#.### #..##.##
#.#.#.#.#......#.#.#####..##.##
#.##.......#####..........##.##
#.##.#.#...........######.##.##
#.###...############ #....##
#.# ###.# ##...## ###.... #.#
#.###...@.## #.### #.#
#(##.......##########.# #.#
#..........)>[......#.# ###.#
#..........########.#.# ....#
#.###.....## #.#.### ##### #.#
##...## ##.#.... #
#####.######.## ##.#.#### #
#.............# #.###.... #
#.###.######..# ##.#.####


There were no monsters in sight!

Vanquished Creatures
  Psyche (D:9)
  A polar bear (D:8)
  15 yaks
  Sigmund (D:6)
  A wyvern (D:9)
  4 water moccasins
  2 sky beasts
  5 ice beasts
  2 orc warriors (D:9)
  2 black bears (D:5)
  A wolf (D:8)
  2 ogres
  5 centaurs
  2 phantoms
  2 kobold brigands
  7 bullfrogs
  2 gnoll sergeants (D:9)
  3 scorpions
  A water moccasin zombie (D:6)
  2 wyvern skeletons
  9 killer bees
  8 wights
  2 centaur zombies
  3 electric eels
  3 howler monkeys (D:7)
  5 hounds
  2 jellies (D:4)
  7 orc priests
  A bullfrog skeleton (D:7)
  2 gnoll shamans (D:9)
  2 iguanas (D:4)
  2 orc wizards
  A killer bee zombie (D:7)
  A centaur simulacrum (D:8)
  A killer bee simulacrum (D:8)
  Robin (D:2)
  13 gnolls
  10 adders
  A river rat (D:5)
  8 white imps
  An adder skeleton (D:4)
  A worm (D:4)
  3 dart slugs
  7 orcs
  10 ball pythons
  5 bats
  5 endoplasms
  9 giant cockroaches
  7 hobgoblins
  8 jackals
  21 kobolds
  10 quokkas
  13 frilled lizards
  14 goblins
  7 rats
264 creatures vanquished.

Vanquished Creatures (others)
  5 fulminant prisms
  31 plants (D:2)
36 creatures vanquished.

Grand Total: 300 creatures vanquished

Notes
Turn   | Place    | Note
-------+----------+-------------------------------------------
     0 | D:1      | Zeld the Draconian Conjurer began the quest for the Orb.
     0 | D:1      | Reached XP level 1. HP: 14/14 MP: 3/3
   331 | D:1      | Reached XP level 2. HP: 18/20 MP: 0/5
   334 | D:1      | Learned a level 2 spell: Searing Ray
   697 | D:1      | Found a faded altar of an unknown god.
  1171 | D:1      | Reached XP level 3. HP: 26/26 MP: 3/6
  1388 | D:2      | Noticed Robin
  1411 | D:2      | Killed Robin
  1777 | D:2      | Reached skill level 5 in Conjurations
  1885 | D:2      | Reached XP level 4. HP: 34/34 MP: 4/7
  2282 | D:2      | Reached skill level 1 in Fighting
  2808 | D:3      | Reached XP level 5. HP: 40/40 MP: 4/9
  2813 | D:3      | Learned a level 4 spell: Fulminant Prism
  2815 | D:3      | Found Xiczueh's Book Shoppe.
  3810 | D:4      | Reached skill level 1 in Evocations
  3810 | D:4      | Reached XP level 6. HP: 30/48 MP: 6/10
  3954 | D:4      | Learned a level 4 spell: Iskenderun's Mystic Blast
  4101 | D:4      | Found a staircase to the Ecumenical Temple.
  4111 | Temple   | Entered the Ecumenical Temple
  4393 | Temple   | Became a worshipper of Vehumet
  4720 | D:4      | Reached skill level 6 in Conjurations
  4720 | D:4      | Reached skill level 1 in Hexes
  4818 | D:4      | Reached skill level 1 in Translocations
  5034 | D:4      | Your scales start taking on an icy white colour.
  5034 | D:4      | Reached XP level 7. HP: 56/56 MP: 7/12
  5034 | D:4      | Gained mutation: Your flesh is cold resistant. (rC+) [White
                  | Draconian growth]
  5517 | D:5      | Entered Level 5 of the Dungeon
  5960 | D:5      | Reached skill level 1 in Ice Magic
  6103 | D:5      | Found a glowing drain.
  6114 | Sewer    | Entered a sewer
  6347 | Sewer    | Reached * piety under Vehumet
  6347 | Sewer    | Offered knowledge of Foxfire by Vehumet.
  6428 | Sewer    | Reached XP level 8. HP: 58/64 MP: 14/14
  6493 | Sewer    | Reached skill level 7 in Conjurations
  7137 | D:5      | Found Dufaif's Book Boutique.
  7219 | D:5      | Found Addik's Antique Armour Emporium.
  7228 | D:5      | Bought a cloak for 148 gold pieces
  7637 | D:6      | Noticed Sigmund
  7653 | D:6      | Killed Sigmund
  7837 | D:6      | Found Zaucod's Assorted Antiques.
  7855 | D:6      | Offered knowledge of Sandblast by Vehumet.
  7899 | D:6      | Bought a scroll labelled HOZETAOZAO for 26 gold pieces
  7943 | D:6      | Reached ** piety under Vehumet
  8391 | D:6      | Reached skill level 8 in Conjurations
  8391 | D:6      | Reached XP level 9. HP: 64/72 MP: 10/16
  8862 | D:7      | Reached skill level 5 in Ice Magic
  9308 | D:7      | Found a white marble altar of Elyvilon.
  9340 | D:7      | Reached skill level 5 in Fighting
  9483 | D:7      | Found Vaoreb's Magic Scroll Shoppe.
  9495 | D:7      | Reached skill level 5 in Spellcasting
  9503 | D:7      | Bought a scroll of identify for 24 gold pieces
  9503 | D:7      | Bought a scroll of identify for 24 gold pieces
  9503 | D:7      | Bought a scroll of identify for 24 gold pieces
  9503 | D:7      | Bought a scroll of teleportation for 36 gold pieces
  9938 | D:7      | HP: 3/74 [poisoned by a killer bee]
 10728 | D:8      | Noticed a polar bear
 11094 | D:8      | Reached skill level 9 in Conjurations
 11466 | D:8      | Found Getsef's Jewellery Emporium.
 11887 | D:8      | Offered knowledge of Static Discharge by Vehumet.
 11888 | D:8      | Reached skill level 5 in Evocations
 11888 | D:8      | Reached XP level 10. HP: 54/81 MP: 13/18
 13282 | D:8      | Found Getsef's Jewellery Emporium.
 13456 | D:8      | Reached skill level 10 in Conjurations
 14262 | D:8      | Found Getsef's Jewellery Emporium.
 15190 | D:9      | Noticed Psyche
 15199 | D:9      | Killed Psyche
 17165 | D:9      | Found a broken altar of Ashenzari.
 17250 | D:9      | Reached skill level 1 in Long Blades
 17317 | D:9      | Reached XP level 11. HP: 15/83 MP: 7/20
 17680 | D:9      | Reached *** piety under Vehumet
 18022 | D:9      | Found Huqunut's Armour Boutique.
 18065 | D:9      | HP: 4/86 [poisoned by a gnoll sergeant]
 18067 | D:8      | Succumbed to a gnoll sergeant's poison

Illustrated notes

Levels and vault maps discovered:
D:1:      dpeg_arrival_ratfight, layout_basic,
          shapermc_ecumenical_altar_mp_highgroup, minmay_liquid_box,
          nicolae_concentric_dashed_squares_wild
D:2:      wad_woods_tower, layout_basic, uniq_robin
D:3:      layout_loops_ring, serial_shops, nicolae_shop_advertising_works
          [nicolae_subvault_shop_adworks]
D:4:      layout_basic, temple_doors_e, hangedman_abyss_or_decor_passed,
          eino_curves_03
D:5:      layout_rooms, serial_shops, nicolae_shop_hallway_plus,
          nicolae_lakefront_shop, portal_sewer_entry_b
D:6:      layout_loops_ring, serial_shops, nicolae_shop_stone,
          kennysheep_cross_room, uniq_sigmund
D:7:      layout_rooms, elyvilon_altar_4, serial_shops, shop
D:8:      layout_loops_ring, serial_shops, nicolae_shop_behind_doors,
          serial_ice, serial_ice_e, serial_ice_b, serial_ice_m, serial_ice_a,
          serial_ice_k, serial_ice_g, hex_tiny, kennysheep_generic_room_16
D:9:      layout_cave_pools, mainiacjoe_overflow_surrounded_room, david_orc_3,
          serial_gnoll_camp, gnoll_camp_huts_basic, gnoll_camp_mini_basic,
          gnoll_camp_mini_hut, gnoll_camp_mini_basic, gnoll_camp_mini_shop,
          minmay_fractal_squares_diagonal_5, uniq_psyche
Temple:   mainiacjoe_temple_big_plus

Skill      XL: |  1  2  3  4  5  6  7  8  9 10 |
---------------+-------------------------------+-----
Dodging        | 2 |  2.0
Conjurations   | 5 6 8 9 10 | 10.8
Stealth        | 2 |  2.0
Fighting       | 1 2 3 4 5 |  5.0
Spellcasting   | 3 4 5 6 |  6.6
Evocations     | 1 2 3 5 6 |  6.2
Hexes          | 1 2 |  2.0
Translocations | 1 2 |  2.0
Ice Magic      | 1 4 7 9 |  9.9
Long Blades    | 1 |  1.4

Action                   |  1- 3 |  4- 6 |  7- 9 | 10-12 || total
-------------------------+-------+-------+-------+-------++-------
Melee: Unarmed           |    24 |       |       |       ||    24
       Tailslap          |     5 |     4 |    19 |    11 ||    39
       Short sword       |     8 |    82 |   180 |    45 ||   315
       Punch             |       |       |     2 |       ||     2
       Scimitar          |       |       |       |    49 ||    49
 Cast: Magic Dart        |    65 |    24 |    20 |     2 ||   111
       Searing Ray       |     1 |    18 |    57 |    43 ||   119
       Iskenderun's Myst |       |       |     5 |    26 ||    31
       Fulminant Prism   |       |       |     5 |       ||     5
 Abil: Breathe Frost     |       |       |     2 |     1 ||     3
Evoke: Wand              |       |       |     1 |    10 ||    11
  Use: Scroll            |       |       |    13 |     3 ||    16
       Potion            |       |       |       |     2 ||     2
 Stab: Sleeping          |       |     3 |     2 |       ||     5
       Distracted        |       |       |     1 |       ||     1
Armor: Skin              |    15 |    27 |   148 |    44 ||   234
Dodge: Dodged            |    29 |    73 |   229 |   146 ||   477
       Repelled          |       |       |     1 |       ||     1
